 Dungeon Crawl Stone Soup version 0.30.1-3-gfc49f6343a (webtiles) character file.

Game seed: 3708026689119983800

13819 Wiggles the Executioner (level 11, 0/82 HPs)
             Began as a Minotaur Berserker on Aug 2, 2023.
             Was a High Priest of Trog.
             Slain by Sonja
             ... wielding a +1 dagger of distortion
              (13 damage)
             ... on level 11 of the Dungeon.
             The game lasted 00:17:33 (10284 turns).

Wiggles the Executioner (Minotaur Berserker)       Turns: 10284, Time: 00:17:34

Health: 0/82       AC: 19    Str: 36    XL:     11   Next: 80%
Magic:  10/10      EV: 15    Int:  4    God:    Trog [*****.]
Gold:   263        SH:  0    Dex: 10    Spells: 10/10 levels left

rFire   + . .        v - +0 battleaxe (vamp)
rCold   . . .        (shield currently unavailable)
rNeg    . . .        q - +4 chain mail {rF+}
rPois   .            t - +2 hat
rElec   .            (no cloak)
rCorr   .            a - +2 pair of gloves of Experimentation {Str+4}
SInv    .            m - +0 pair of boots
Will    .....        r - amulet of faith Stlth
                     n - +5 ring of evasion
HPRegen 0.33/turn    I - +6 ring of strength
MPRegen 0.12/turn

%: faith
@: on berserk cooldown, slowed, very slow
A: horns 2, retaliatory headbutt
a: Renounce Religion, Berserk, Trog's Hand, Brothers in Arms


You were on level 11 of the Dungeon.
You worshipped Trog.
Trog was extremely pleased with you.
You visited 1 branch of the dungeon, and saw 11 of its levels.

You collected 731 gold pieces.
You spent 468 gold pieces at shops.

Inventory:

Hand Weapons
 v - a +0 vampiric battleaxe (weapon)
 y - a +3 heavy hand axe
 E - a +2 broad axe
Missiles
 w - 3 throwing nets (quivered)
Armour
 a - the +2 pair of gloves of Experimentation (worn) {Str+4}
   (You found it on level 8 of the Dungeon)

   Str:       It affects your strength (+4).
 m - a +0 pair of boots (worn)
 q - a +4 chain mail of fire resistance (worn)
 t - a +2 hat (worn)
 x - a +0 plate armour
Jewellery
 f - an amulet of the acrobat
 n - a +5 ring of evasion (left hand)
 r - an amulet of faith (around neck)
 F - an amulet of regeneration
 I - a +6 ring of strength (right hand)
Wands
 B - a wand of digging (6)
 H - a wand of light (5)
 J - a wand of flame (6)
Scrolls
 b - a scroll of silence
 c - 3 scrolls of identify
 i - 2 scrolls of immolation
 u - 5 scrolls of teleportation
 G - a scroll of magic mapping {unknown}
Potions
 d - a potion of invisibility {unknown}
 e - 4 potions of heal wounds
 g - a potion of ambrosia {unknown}
 h - 4 potions of magic
 j - a potion of resistance {unknown}
 k - 3 potions of attraction
 l - 5 potions of curing
 o - 4 potions of flight
 p - 4 potions of might
 s - a potion of cancellation {unknown}
 z - 2 potions of brilliance
 A - a potion of haste {unknown}
 C - 2 potions of degeneration {unknown}
 D - 4 potions of lignification {unknown}


   Skills:
 - Level 3.6 Fighting
 + Level 21.7 Axes
 + Level 2.7 Throwing
 - Level 2.4 Armour
 - Level 2.1 Dodging
 - Level 0.1 Stealth


You had 10 spell levels left.
You didn't know any spells.
Your spell library was empty.

Dungeon Overview and Level Annotations

Branches:
Dungeon (11/15)            Temple (0/1) D:5            Lair (0/5) D:10
    Orc (0/2) D:11

Altars:
Ashenzari
Dithmenos
Okawaru
Qazlal
Ru
Sif Muna
Vehumet

Shops:
D:11 =

Annotations:
D:11 Sonja


Innate Abilities, Weirdness & Mutations

You have a pair of horns on your head.
You reflexively headbutt those who attack you in melee.


Message History

Sonja mumbles some strange words.
Sonja blinks!
You feel a strong urge to attack something.
You feel very sick.
You feel very sick. Sonja barely misses you. Sonja hits you but does no damage.
Space warps around you. Sonja barely misses you.
Sonja hits you but does no damage.
You blink.
You feel your anger nearly subside.
You are no longer berserk.
You are exhausted.
You feel as though you will be slow longer.
You feel very sick.
You feel very sick.
You feel sick. Sonja barely misses you. You furiously retaliate!
You headbutt Sonja, but do no damage. Sonja hits you but does no damage.
Space warps horribly around you! Sonja misses you.
Sonja hits you but does no damage. Space warps around you.
Sonja hits you with a +1 dagger of distortion.
Space warps horribly around you!!
* * * LOW HITPOINT WARNING * * *
Sonja misses you.
You feel sick. Sonja hits you but does no damage.
You blink.
Sonja casts a spell.
Sonja blinks!
You feel sick.
Your troll goes berserk!
You feel sick.
You are no longer poisoned.
Sonja mumbles some strange words.
Sonja blinks!
Sonja throws a curare-tipped dart.
The curare-tipped dart closely misses you.
Your troll rages.
Your troll closely misses Sonja. x2; Your troll barely misses Sonja.
Your troll bites Sonja!
Your troll claws Sonja but does no damage.
Your troll completely misses Sonja.
Sonja hits you but does no damage.
You blink.
Your troll barely misses Sonja.
Your troll claws Sonja!
Your troll completely misses Sonja.
Sonja hits you but does no damage. Space warps horribly around you!
You die...

.# .# .# #### .# #####
#... .# #...# #... .#
#### #...# #... .#
#>.# #...# #... .#
#.##..# ###...#####.#
#..# .# #.##..#
#...@........ #..# .#
#.##..###.#.TK#####.#
#..# .#
#........^#.ยง.# #.##
.####.##..##..#####
.#.####.##
....#.##..##.....
.........#
....#.##..###.########
.#.####..# ....#.##..#
#.... ... .........#
....#.....###....
..##.#.#.....#
....#...#........
..##.#.#.....#


You could see Sonja (ally target) and a friendly troll (summoned, berserk).

Vanquished Creatures
  Snorg (D:11)
  3 two-headed ogres (D:9)
  A boulder beetle (D:11)
  A manticore (D:11)
  An unseen horror (D:11)
  Psyche (D:10)
  3 kobold demonologists (D:11)
  A rime drake (D:10)
  A komodo dragon (D:11)
  2 trolls
  A hornet (D:10)
  A shadow (D:11)
  Sigmund (D:2)
  A vampire (D:10)
  A wraith (D:11)
  13 yaks
  A wyvern (D:7)
  A steam dragon (D:10)
  Edmund (D:4)
  5 orc warriors
  2 sky beasts
  6 ice beasts
  An ogre (D:7)
  2 wolves
  7 centaurs
  3 kobold brigands (D:11)
  6 bullfrogs
  A gnoll sergeant (D:10)
  2 scorpions
  9 wights
  7 killer bees (D:9)
  A howler monkey (D:9)
  A gnoll bouda (D:7)
  3 hounds
  10 orc priests
  6 iguanas
  2 sleepcaps
  10 orc wizards
  10 gnolls
  9 adders
  A shadow imp (D:6)
  2 white imps
  An ufetubus (D:7)
  3 worms
  A dart slug (D:4)
  53 orcs
  7 ball pythons
  6 bats
  6 endoplasms
  4 giant cockroaches
  12 hobgoblins
  20 jackals
  8 quokkas
  4 frilled lizards (D:1)
  7 goblins
  11 kobolds
  6 rats
291 creatures vanquished.

Vanquished Creatures (collateral kills)
  A kobold demonologist (D:11)
  A kobold (D:11)
2 creatures vanquished.

Grand Total: 293 creatures vanquished

Notes
Turn   | Place    | Note
-------+----------+-------------------------------------------
     0 | D:1      | Wiggles the Minotaur Berserker began the quest for the Orb.
     0 | D:1      | Reached XP level 1. HP: 19/19 MP: 0/0
    93 | D:1      | Reached skill level 4 in Axes
   129 | D:1      | Reached XP level 2. HP: 26/26 MP: 1/1
   280 | D:1      | Reached skill level 5 in Axes
   389 | D:1      | Reached XP level 3. HP: 30/31 MP: 2/2
   403 | D:1      | Reached ** piety under Trog
   955 | D:2      | Reached XP level 4. HP: 39/39 MP: 3/3
   975 | D:2      | Noticed Sigmund
   983 | D:2      | Killed Sigmund
   984 | D:2      | Reached skill level 7 in Axes
   984 | D:2      | Reached XP level 5. HP: 45/45 MP: 4/4
  1188 | D:2      | Reached skill level 8 in Axes
  1504 | D:3      | Reached XP level 6. HP: 28/51 MP: 5/5
  1674 | D:3      | Found a shadowy altar of Dithmenos.
  1694 | D:3      | Reached *** piety under Trog
  1817 | D:3      | Found an iron altar of Okawaru.
  1818 | D:3      | Found a shimmering blue altar of Sif Muna.
  1819 | D:3      | Found a stormy altar of Qazlal.
  1820 | D:3      | Found a broken altar of Ashenzari.
  2740 | D:4      | Reached skill level 9 in Axes
  3103 | D:4      | Noticed Edmund
  3116 | D:4      | Killed Edmund
  3117 | D:4      | Reached skill level 10 in Axes
  3117 | D:4      | Reached XP level 7. HP: 20/57 MP: 6/6
  3813 | D:5      | Entered Level 5 of the Dungeon
  3828 | D:5      | Reached **** piety under Trog
  3922 | D:5      | Found a staircase to the Ecumenical Temple.
  4009 | D:5      | Reached skill level 11 in Axes
  4373 | D:6      | Reached XP level 8. HP: 49/64 MP: 7/7
  4527 | D:6      | Identified the +7 sling "Ereus" {heavy, rPois rN++}
  4539 | D:6      | Reached skill level 12 in Axes
  4540 | D:6      | Reached skill level 1 in Throwing
  4703 | D:6      | Found a sacrificial altar of Ru.
  5269 | D:7      | Reached skill level 13 in Axes
  5454 | D:7      | Reached skill level 14 in Axes
  5560 | D:7      | Reached XP level 9. HP: 70/70 MP: 8/8
  5607 | D:7      | Reached ***** piety under Trog
  5805 | D:7      | Reached skill level 15 in Axes
  6739 | D:8      | Identified the +2 pair of gloves of Experimentation {Str+4}
  6806 | D:8      | Reached skill level 16 in Axes
  7126 | D:8      | Reached XP level 10. HP: 56/77 MP: 9/9
  7127 | D:8      | Reached skill level 17 in Axes
  7381 | D:9      | Noticed a two-headed ogre
  7397 | D:9      | Killed a two-headed ogre
  7526 | D:9      | Reached skill level 18 in Axes
  7622 | D:9      | Noticed a two-headed ogre
  7640 | D:9      | Killed a two-headed ogre
  7874 | D:9      | Received a gift from Trog
  8106 | D:9      | Noticed a two-headed ogre
  8109 | D:9      | Killed a two-headed ogre
  8110 | D:9      | Reached skill level 19 in Axes
  8370 | D:10     | Entered Level 10 of the Dungeon
  8494 | D:9      | Reached XP level 11. HP: 75/82 MP: 10/10
  8650 | D:10     | Paralysed by a hornet for 1 turns
  8697 | D:10     | Noticed Psyche
  8708 | D:10     | Killed Psyche
  8709 | D:10     | Reached skill level 20 in Axes
  8845 | D:10     | Found a staircase to the Lair.
  9140 | D:11     | Noticed Snorg
  9156 | D:11     | Killed Snorg
  9304 | D:11     | Noticed a boulder beetle
  9321 | D:11     | Killed a boulder beetle
  9376 | D:11     | Found Nuntugh's Jewellery Shoppe.
  9384 | D:11     | Bought a +6 ring of strength for 468 gold pieces
  9517 | D:11     | Reached skill level 21 in Axes
  9854 | D:11     | Noticed a sixfirhy
  9988 | D:11     | Identified the +0 chain mail of Botauf {rPois}
 10038 | D:11     | Found a staircase to the Orcish Mines.
 10172 | D:11     | Found a radiant altar of Vehumet.
 10272 | D:11     | Noticed Sonja
 10284 | D:11     | Slain by Sonja

Illustrated notes

Levels and vault maps discovered:
D:1:      dpeg_arrival_water_temple_mockup, layout_basic, serial_bayou_pond_b
D:2:      layout_basic, uniq_sigmund
D:3:      layout_loops_cross, nicolae_dithmenos_the_darkroom, minitemple
D:4:      layout_layer_cave, uniq_edmund
D:5:      layout_rooms, minmay_temple_entry_gardened_gates
D:6:      layout_cave_pools, lemuel_doored_altar, minmay_misc_feat_roman
D:7:      layout_basic, patterned_corridor
D:8:      layout_rooms
D:9:      layout_roguey
D:10:     layout_cave_pools, hellmonk_lair_entry_icy, uniq_psyche
D:11:     layout_basic, david_orc_5, serial_shops, nicolae_shop_peninsula,
          serial_curves, eino_curves_01, eino_curves_04,
          nicolae_vehumet_radiance, uniq_fannar, uniq_sonja, uniq_snorg

Skill      XL: |  1  2  3  4  5  6  7  8  9 10 11 |
---------------+----------------------------------+-----
Axes           | 4 5 7 8 10 11 14 16 19 21 | 21.7
Throwing       | 1 2 |  2.7
Fighting       | |  3.6
Armour         | |  2.4
Dodging        | |  2.1
Stealth        | |  0.1

Action                     |  1- 3 |  4- 6 |  7- 9 | 10-12 || total
---------------------------+-------+-------+-------+-------++-------
  Melee: Hand axe          |    90 |    78 |   138 |    61 ||   367
         Headbutt          |     7 |    13 |    32 |    34 ||    86
         War axe           |       |    58 |    65 |       ||   123
         Punch             |       |     1 |     2 |       ||     3
         Battleaxe         |       |       |       |   193 ||   193
  Throw: Boomerang         |       |       |     3 |       ||     3
 Invoke: Berserk           |       |     3 |     1 |     6 ||    10
         Brothers in Arms  |       |       |       |     2 ||     2
    Use: Scroll            |       |       |    14 |     6 ||    20
   Stab: Distracted        |       |       |       |     1 ||     1
 Armour: Leather armour    |    16 |       |       |       ||    16
         Scale mail        |    28 |    41 |       |       ||    69
         Chain mail        |       |       |    79 |   127 ||   206
  Dodge: Dodged            |    56 |    63 |   174 |   173 ||   466
